 Dungeon Crawl Stone Soup version 0.31.0-11-ge490571c62 (webtiles) character file.

Game seed: 7190342725915600990

252 qw the Ducker (level 5, 0/27 HPs)
             Began as a Spriggan Hunter on Feb 5, 2024.
             Slain by an orc
             ... wielding a +0 short sword
              (2 damage)
             ... on level 3 of the Dungeon.
             The game lasted 00:00:50 (2407 turns).

qw the Ducker (Spriggan Hunter)                     Turns: 2407, Time: 00:00:50

Health: 0/27       AC:  2    Str: 13    XL:     5   Next: 89%
Magic:  6/6        EV: 21    Int: 11    God:
Gold:   139        SH:  0    Dex: 20    Spells: 4/4 levels left

rFire   . . .        a - +0 shortbow
rCold   . . .        (shield currently unavailable)
rNeg    . . .        c - +0 robe
rPois   +            (helmet restricted)
rElec   .            (no cloak)
rCorr   .            (gloves unavailable)
SInv    +            (boots unavailable)
Will    .....        (no amulet)
Stlth   ++           e - +6 ring of strength
HPRegen 0.24/turn    i - ring of poison resistance
MPRegen 0.10/turn

%: no passive effects
@: very quick
A: very small, no large weapons, unfitting armour, see invisible, speed 3
a: no special abilities


You were on level 3 of the Dungeon.
You visited 1 branch of the dungeon, and saw 3 of its levels.

You collected 139 gold pieces.


Innate Abilities, Weirdness & Mutations

You are very small and have problems with some larger weapons.
You are too small for most types of armour.
You have supernaturally acute eyesight. (SInv)
You cover ground extremely quickly. (Speed+++)


   Skills:
 - Level 2.5 Fighting
 + Level 5.3 Ranged Weapons
 - Level 5.9 Dodging
 - Level 1.5 Stealth


You had 4 spell levels left.
You didn't know any spells.
Your spell library was empty.

Inventory:

Hand Weapons
 a - a +0 shortbow (weapon)
Armour
 c - a +0 robe (worn)
Jewellery
 e - a +6 ring of strength (left hand)
 i - a ring of poison resistance (right hand)
Potions
 f - a potion of mutation
 h - a potion of curing
 k - a potion of haste

Dungeon Overview and Level Annotations

Branches:
Dungeon (3/15)

Altars:
Kikubaaqudgha
Trog

Shops:
D:1 [

Annotations:
D:2 1 runed translucent door, Crazy Yiuf


Message History

You shoot an arrow.
The arrow closely misses the orc priest.
The orc closely misses you. The orc priest misses you.
You shoot an arrow. The arrow barely misses the orc priest.
The orc priest calls down the wrath of Beogh upon you.
Pain shoots through your body! The orc closely misses you.
You shoot an arrow.
The arrow hits the orc priest but does no damage.
The orc priest is almost dead.
The orc priest hits you with a +0 short sword.
The orc closely misses you.
You shoot an arrow.
The arrow closely misses the orc priest.
The orc closely misses you. The orc priest barely misses you.
The orc priest hits you with a +0 short sword.
The orc closely misses you.
You shoot an arrow. The arrow barely misses the orc priest.
The orc priest barely misses you. The orc barely misses you.
You shoot an arrow.
The arrow hits the orc priest but does no damage.
The orc priest is almost dead.
The orc closely misses you. The orc priest closely misses you.
You shoot an arrow.
The arrow hits the orc priest but does no damage.
The orc priest is almost dead.
The orc priest looks encouraged for a moment.
The orc completely misses you.
You shoot an arrow. The arrow hits the orc priest.
You kill the orc priest!
The orc hits you with a +0 short sword.
You shoot an arrow. The arrow closely misses the orc.
The orc hits you with a +0 short sword.
You shoot an arrow. The arrow hits the orc.
The orc is almost dead.
The orc closely misses you.
You shoot an arrow.
The arrow hits the orc but does no damage.
The orc is almost dead.
The orc hits you with a +0 short sword.
You die...

#.##.####.######
#######.##.####.......
#...}#...)...##.#####.
#...###.##.#<....).##.
#._.....##....#.##.##.
#...##..##..#...##.##.
#...}#.####...####.##.
######.# ###.####.##.
#..)@.# ###.%....##.
###o### #.....######
#. #.....# #) #.....##
#. #......# #)
#......# .. #.#.##.#
.. #.#..#.## #.......#


You could see an orc.

Vanquished Creatures
  A bullfrog (D:3)
  A scorpion (D:3)
  An orc priest (D:3)
  2 adders
  2 ribbon worms (D:2)
  4 dart slugs
  5 orcs (D:3)
  10 endoplasms
  6 goblins
  6 hobgoblins
  5 kobolds
  6 quokkas
  4 ball pythons
  4 bats
  5 frilled lizards
  4 rats
66 creatures vanquished.

Notes
Turn   | Place    | Note
-------+----------+-------------------------------------------
     0 | D:1      | qw the Spriggan Hunter began the quest for the Orb.
     0 | D:1      | Reached XP level 1. HP: 10/10 MP: 2/2
     0 | D:1      | 0 ||| qw: Version: 0.3-a-160-g6735b56
     0 | D:1      | 0 ||| qw: Game counter: 6570
     0 | D:1      | 0 ||| qw: Melee chars always use a shield: true
     0 | D:1      | 0 ||| qw: God list: Okawaru
     0 | D:1      | 0 ||| qw: Allow faded altars: false
     0 | D:1      | 0 ||| qw: Do Orc after clearing Dungeon:15 true
     0 | D:1      | 0 ||| qw: Do second Lair branch before Depths: true
     0 | D:1      | 0 ||| qw: Lair rune preference: random
     0 | D:1      | 0 ||| qw: Goals: Normal
     0 | D:1      | 0 ||| PLANNING D:1-11
    63 | D:1      | Reached skill level 3 in Dodging
   174 | D:1      | Reached XP level 2. HP: 14/14 MP: 3/3
   185 | D:1      | Found Keisoud's Armour Shop.
   190 | D:1      | 190 ||| SHOPLISTING +0 cloak (49 gold, have 0).
   190 | D:1      | 190 ||| SHOPLISTING +0 cloak of stealth (126 gold, have 0).
   190 | D:1      | 190 ||| SHOPLISTING +2 robe of the Enchanted Forest {Dex+5}
                  | (310 gold, have 0).
   278 | D:1      | 278 ||| READING scroll labelled VIAPSE XYPP.
   279 | D:1      | 279 ||| DROPPING scroll of butterflies.
   511 | D:1      | Reached XP level 3. HP: 18/18 MP: 4/4
  1006 | D:1      | 1006 ||| READING scroll labelled WARIOS IWUO.
  1006 | D:1      | 1006 ||| IDENTIFYING red potion
  1007 | D:1      | 1007 ||| DROPPING potion of invisibility.
  1140 | D:2      | Found a runed translucent door.
  1141 | D:2      | Noticed Crazy Yiuf
  1652 | D:2      | Reached XP level 4. HP: 22/22 MP: 5/5
  1833 | D:2      | 1833 ||| UPGRADING to +6 ring of strength.
  1834 | D:2      | 1834 ||| UPGRADING to ring of poison resistance.
  1835 | D:2      | 1835 ||| DROPPING ring of flight.
  1836 | D:2      | 1836 ||| READING scroll of identify.
  1836 | D:2      | 1836 ||| IDENTIFYING sapphire potion
  1837 | D:2      | 1837 ||| READING scroll labelled VOOBLI KUUQIRGH.
  1930 | D:3      | 1930 ||| PLANNING SEWER
  2048 | D:3      | Found an ancient bone altar of Kikubaaqudgha.
  2091 | D:3      | Noticed a bullfrog
  2098 | D:3      | Noticed a scorpion
  2099 | D:3      | 2099 ||| RETREEEEATING.
  2100 | D:3      | Killed a bullfrog
  2101 | D:3      | Reached XP level 5. HP: 19/25 MP: 6/6
  2101 | D:3      | 2101 ||| FLEEEEING.
  2102 | D:3      | 2102 ||| FLEEEEING.
  2103 | D:3      | 2103 ||| STAIRDANCE
  2216 | D:2      | 2216 ||| READING 2 scrolls of identify.
  2216 | D:2      | 2216 ||| IDENTIFYING clear potion
  2217 | D:2      | 2217 ||| READING scroll of identify.
  2217 | D:2      | 2217 ||| IDENTIFYING yellow potion
  2218 | D:2      | 2218 ||| READING scroll labelled ISOWNY GEDDUXA.
  2219 | D:2      | 2219 ||| DRINKING 2 silvery potions.
  2220 | D:2      | 2220 ||| DROPPING potion of lignification.
  2369 | D:3      | Found a bloodstained altar of Trog.
  2400 | D:3      | HP: 3/27 [orc priest/+0 short sword (6)]
  2405 | D:3      | HP: 2/27 [orc/+0 short sword (2)]
  2407 | D:3      | Slain by an orc

Levels and vault maps discovered:
D:1:      ncdulo_smallfort, layout_basic, serial_shops, shop,
          dreamdust_princess_corridor, feat_on_display
D:2:      layout_loops_corners, minmay_tetromino_o2, uniq_crazy_yiuf_cottage
D:3:      layout_loops_cross, doesnt_xom_only_xom, kiku_gazebo_pond_becter,
          mainiacjoe_overflow_alcove_2, lightli_sewer_entry_pipes

Skill      XL: |  1  2  3  4  5 |
---------------+----------------+-----
Dodging        | 3 4 5 |  5.9
Ranged Weapons | 5 |  5.3
Fighting       | 2 |  2.5
Stealth        | |  1.5

Action                     |  1- 3 |  4- 6 || total
---------------------------+-------+-------++-------
   Fire: Shortbow          |   127 |    69 ||   196
    Use: Scroll            |     2 |     5 ||     7
         Potion            |       |     1 ||     1
 Armour: Robe              |     5 |    11 ||    16
  Dodge: Dodged            |    28 |    51 ||    79

Table legend:
 A = Non-vault XP
 B = Vault XP
 C = Vault XP percentage of total XP
 D = Non-vault monster count
 E = Vault monster count
 F = Vault count percentage of total count
                 A         B        C        D         E       F
            +---------+---------+-------+---------+---------+-------
      Total |     356 |       4 |   1.1 |      64 |       2 |   3.0
            +---------+---------+-------+---------+---------+-------
        D:1 |      60 |       0 |   0.0 |      32 |       0 |   0.0
        D:2 |      47 |       4 |   7.8 |      16 |       2 |  11.1
        D:3 |     249 |       0 |   0.0 |      16 |       0 |   0.0
            +---------+---------+-------+---------+---------+-------
